[Event "German-ch Blitz Women 2022"]
[Site "Magdeburg"]
[Date "2022.08.13"]
[Round "5.3"]
[White "Falke, Ornella"]
[Black "Kunze, Kerstin"]
[Result "1-0"]
[ECO "C78"]
[WhiteElo "1912"]
[BlackElo "2020"]
[Annotator "TA"]
[PlyCount "81"]
[EventDate "2022.08.10"]
[EventType "tourn"]
[EventCountry "GER"]
[SourceTitle "playchess.com"]
[Source "ChessBase"]
[SourceQuality "1"]
[TimeControl "180+2"]

1. e4 e5 2. Nf3 Nc6 3. Bb5 a6 4. Ba4 Nf6 5. O-O b5 6. Bb3 Be7 {[%emt 0:00:00] The old main line.} 7. d4 Nxe4 8. Nxe5 {[%emt 0:00:20] C80: Open Ruy Lopez: Sidelines and 9 Nbd2.} O-O (8... Nxe5 $11 {remains equal.} 9. dxe5 Bb7) 9. Re1 (9. Nxf7 $16 Rxf7 10. Bxf7+ Kxf7 11. d5) 9... Nf6 10. Nxc6 {[%emt 0:00:29] White is slightly better.} dxc6 {[%emt 0:00:01] [#]} 11. Nc3 $146 ({Predecessor:} 11. c3 c5 12. dxc5 Qxd1 13. Bxd1 Bxc5 14. Bf3 Ra7 15. b4 Bb6 16. a4 bxa4 17. Rxa4 {½-½ (25) Haces,R-Gajadin,D Thessaloniki 1984}) 11... h6 12. Bf4 Bg4 13. Qd3 Qd7 (13... Bd6 $11 14. Be5 a5) 14. h3 $16 {[%emt 0:00:05] White is more active.} Bf5 {[%emt 0:00:01] [#]} (14... Bd6 $16) 15. Qd2 $2 (15. Rxe7 $1 $18 Bxd3 (15... Qxe7 16. Qxf5) 16. Rxd7 Nxd7 17. cxd3) 15... Rad8 16. Ne2 c5 {[%emt 0:00:08] Threatens to win with ...c4.} 17. c3 cxd4 (17... Rfe8 $11) 18. Nxd4 $14 {[%emt 0:00:07][%cal Oe1e7] Black must now prevent Rxe7!} Bg6 {[%emt 0:00:07] [#]} 19. Rad1 (19. Rxe7 $1 $14 Qxe7 20. Nc6) 19... Ne4 (19... Rfe8 $11) 20. Qe3 (20. Qe2 $16) 20... Bd6 (20... Bc5 $1 $11) 21. Bxd6 $16 Nxd6 {[%emt 0:00:01] [#]} (21... cxd6 $142 22. Bd5 Nf6) 22. Qf3 (22. Ne6 $1 $16 Rfe8 23. Qg3) 22... Rfe8 23. Qg3 {[%emt 0:00:24] And now Rxe8+ would win.} Rxe1+ 24. Rxe1 Ne4 $2 {[%emt 0:00:06][%mdl 8192] Black is on the road to losing.} 25. Qxg6 $1 $18 Nc5 26. Qc2 (26. Nf5 $142 Ne6 27. Bxe6 fxe6 28. Rxe6) 26... Nxb3 27. Qxb3 ({Don't take} 27. Nxb3 Re8 28. Rd1 Qe7 $18) ({Much less strong is} 27. axb3 c5 28. Nf3 Qd5 $18) 27... c5 28. Nf3 Qd3 29. Re3 ({Resist} 29. Ne5 c4 $18) 29... Qd6 30. Qc2 c4 31. Re4 Rc8 32. Rd4 Qf6 33. Qe4 Qb6 34. Kh2 Qa5 35. a3 Qb6 36. Rd7 Qb8+ 37. g3 Rf8 38. Qd5 Qe8 39. Ne5 Qb8 40. Nxf7 Kh7 41. Qe6 {[%emt 0:00:03] Weighted Error Value: White=0.65/Black=0.71} (41. Qf5+ $142 Kg8 42. Qg6 Qe5 43. Nxe5 Rxf2+ 44. Kg1 Rg2+ 45. Kxg2 Kh8 46. Qxg7#) 1-0

[Event "German-ch Blitz Women 2022"]
[Site "Magdeburg"]
[Date "2022.08.13"]
[Round "5.4"]
[White "Kosovska, Olena"]
[Black "Rath, Alina"]
[Result "0-1"]
[ECO "B23"]
[WhiteElo "1831"]
[BlackElo "2062"]
[Annotator "NA RC"]
[PlyCount "144"]
[EventDate "2022.08.10"]
[EventType "tourn"]
[EventCountry "GER"]
[SourceTitle "playchess.com"]
[Source "ChessBase"]
[SourceQuality "1"]
[TimeControl "180+2"]

1. e4 c5 2. Nc3 Nc6 3. f4 g6 4. Nf3 Bg7 5. Bb5 Nd4 6. O-O e6 7. d3 Ne7 8. Be3 O-O 9. e5 Nef5 10. Bf2 a6 11. Ba4 b5 12. Bb3 Bb7 13. Ne4 d5 14. Nxc5 Nxf3+ 15. Qxf3 Bc6 16. d4 a5 17. c3 Qb6 18. Bc2 Ne7 19. Rae1 Rfb8 20. g4 a4 21. f5 exf5 22. gxf5 gxf5 23. Bh4 Ng6 24. Bf6 Be8 25. Qxf5 Ra7 26. Qg5 Bf8 27. e6 Rc8 28. exf7+ Bxf7 29. Ne6 Bxe6 30. Bxg6 hxg6 31. Qxg6+ Bg7 32. Be5 Qc6 33. Re2 Qe8 34. Qg3 Rf7 35. Rg2 Rxf1+ 36. Kxf1 Qf7+ 37. Kg1 Kf8 38. Bd6+ Ke8 39. Rf2 Qg8 40. Rg2 Kd7 41. Qh4 Kxd6 42. Qf4+ Kd7 43. Qg5 Rf8 44. Qxg7+ Qxg7 45. Rxg7+ Rf7 46. Rg6 Ke7 47. Kg2 Bd7 48. h4 Rf6 49. Rg5 Kd6 50. h5 Rh6 51. Kf3 Be8 52. Kg4 Bd7+ 53. Kf4 Ke6 54. Rg6+ Rxg6 55. hxg6 Be8 56. g7 Bf7 57. b3 axb3 58. axb3 Kf6 59. Kg4 Bg8 60. Kf4 Bf7 61. Kg4 Be6+ 62. Kf4 Bg8 63. Kg4 Ke6 64. c4 dxc4 65. bxc4 b4 66. Kf4 b3 67. d5+ Kd6 68. Ke4 b2 69. Kd4 b1=Q 70. c5+ Kd7 71. Ke5 Qb2+ 72. Kf5 Qxg7 0-1

[Event "German-ch Blitz Women 2022"]
[Site "Magdeburg"]
[Date "2022.08.13"]
[Round "5.5"]
[White "Leveikina, Jevgenija"]
[Black "Skibbe, Diana"]
[Result "0-1"]
[ECO "A80"]
[WhiteElo "2061"]
[BlackElo "1943"]
[Annotator "NA RC"]
[PlyCount "75"]
[EventDate "2022.08.10"]
[EventType "tourn"]
[EventCountry "GER"]
[SourceTitle "playchess.com"]
[Source "ChessBase"]
[SourceQuality "1"]
[TimeControl "180+2"]

1. d4 f5 2. Bg5 h6 3. Bh4 g5 4. Bg3 f4 5. e3 Nf6 6. exf4 d6 7. Bd3 Bg7 8. Bg6+ Kf8 9. c3 Nc6 10. fxg5 hxg5 11. Nf3 Bg4 12. Qb3 e6 13. Nxg5 Qd7 14. f3 Na5 15. Qc2 Bf5 16. Bxf5 exf5 17. O-O Re8 18. Na3 Nd5 19. Bf2 Bf6 20. c4 Nf4 21. b4 Nc6 22. d5 Ne5 23. Ne6+ Nxe6 24. dxe6 Qxe6 25. Rae1 Bg5 26. Bd4 Bf4 27. g3 Bxg3 28. hxg3 Qh6 29. Qg2 Rh7 30. Bxe5 dxe5 31. Nb5 c6 32. Nc3 Ree7 33. b5 Reg7 34. Ne2 f4 35. g4 Rg8 36. Nc3 Rgh8 37. Rxe5 Qd6 38. Rfe1 0-1

[Event "German-ch Blitz Women 2022"]
[Site "Magdeburg"]
[Date "2022.08.13"]
[Round "5.6"]
[White "Heil, Marina"]
[Black "Braun, Kristin"]
[Result "0-1"]
[ECO "A16"]
[WhiteElo "1926"]
[BlackElo "1897"]
[Annotator "TA"]
[PlyCount "118"]
[EventDate "2022.08.10"]
[EventType "tourn"]
[EventCountry "GER"]
[SourceTitle "playchess.com"]
[Source "ChessBase"]
[SourceQuality "1"]
[TimeControl "180+2"]

1. c4 Nf6 2. Nc3 g6 3. g3 Bg7 4. Bg2 d6 5. d4 O-O 6. e4 e5 7. d5 a5 8. Nge2 Na6 9. O-O Nc5 10. a3 {E72: King's Indian: 4 e4 d6 5 g3.} a4 11. h3 (11. Bg5 $11) 11... Bd7 12. Be3 {[#] The position is equal.} Nb3 $146 ({Predecessor:} 12... Ne8 13. f4 f5 14. fxe5 Bxe5 15. exf5 Rxf5 16. Rxf5 Bxf5 17. g4 Bd7 18. Bxc5 dxc5 {½-½ (61) Hugaert,A (2065)-Boukhris,Y (1870) Condom 2008}) 13. Rb1 Qc8 14. Kh2 Nh5 15. Nc1 Nxc1 (15... Na5 $11) 16. Qxc1 ({White should try} 16. Rxc1 $14 b6 17. Re1) 16... f5 $15 {[%cal Bf7f5,Bf5f4][%mdl 32] [#] Strongly threatening ...f4.} 17. Qd1 f4 18. Bd2 Qd8 19. g4 Nf6 (19... Qh4 {with more complications.} 20. Be1 Rf7 21. Nb5 Rc8) 20. f3 h5 (20... Ne8 $11) 21. g5 $14 Nh7 (21... Nxd5 $2 22. cxd5 (22. Nxd5 c6 $16) 22... Qxg5 23. Rg1 $18) 22. h4 Nxg5 23. hxg5 $16 Qxg5 24. Rf2 (24. Rh1 $16) 24... Qg3+ (24... Qd8 $1 $11) 25. Kg1 h4 (25... Kf7 $142) 26. Kf1 (26. Ne2 $16 Qg5 27. Kh1) 26... Qh2 (26... h3 $11 27. Bh1 Bf6) 27. Ke2 {Threatens to win with Bh1.} h3 28. Bf1 (28. Bh1 $16 Qg3 29. Qf1) 28... Qg3 $36 {[%mdl 2048] next ...Kf7 is good for Black. Black has some pressure.} 29. Be1 (29. Bxh3 $1 $11 {remains equal.} Bxh3 30. Qh1) 29... h2 $17 {Black is much more active. The white rooks are badly placed.} 30. Bg2 Qxg2 $1 {[%mdl 64] [#] Remove Defender. Dancing on a razor blade.} 31. Rxg2 (31. Bd2 $17 {was worth a try.} Qg5 32. Rxh2) 31... h1=Q $19 32. Rf2 Kf7 (32... g5 $19 33. Bd2 Qh5) 33. Qc2 $2 (33. Nb5 $17 {might work better.}) 33... Rh8 34. Bd2 Qh4 35. Rg1 Qf6 (35... g5 $19 {...g4 is the strong threat.} 36. Rfg2 Bf6) 36. Rfg2 $17 Rh6 37. Nb5 c6 38. Nc3 ({White should play} 38. Nc7 Rc8 39. Ba5) 38... c5 39. Nb5 Bxb5 40. cxb5 b6 41. Be1 Qe7 42. Kd3 Bf6 (42... Qa7 $17 43. Bc3 Rah8) 43. Kc4 (43. Rh2 $1 $15 Rxh2 44. Qxh2) 43... g5 $19 44. Qf2 Rah8 45. Qc2 Qa7 46. Qd1 Rh2 47. Qc2 R2h3 48. Qe2 R8h5 49. Qf2 Qa8 50. Qe2 Qc8 51. Qc2 $2 (51. b3 $17) 51... Qa8 $2 (51... Rxf3 52. Qxa4 Qd7) 52. Qe2 $1 Qc8 $2 (52... Qh8 53. Qd1 Rh2 54. Qxa4 Rxg2 55. Rxg2 (55. Qa7+ Kg6 $17) 55... Rh1 56. Qa7+ Kg6) 53. Qc2 $1 Rxf3 54. Qe2 (54. Qxa4 $142 Re3 55. Qc2) 54... Rhh3 {White must now prevent ...Rb3.} 55. Qd2 Re3 (55... Rb3 $142 56. Rg3 Qd7 57. Qb4 cxb4 58. Rxb3 Rxb3 59. Bc3 bxc3 60. Kd3 Rxb2 61. Kxc3 Qxb5 62. Rh1 Qb3#) 56. Bg3 Rhxg3 57. Rxg3 Rxg3 ({Not} 57... fxg3 58. Qxe3 Qg4 59. Kd3 $16 (59. Rxg3 Qd1 $11)) 58. Rxg3 fxg3 59. Qg2 Qg4 {Weighted Error Value: White=0.74/Black=0.53} 0-1

[Event "German-ch Blitz Women 2022"]
[Site "Magdeburg"]
[Date "2022.08.13"]
[Round "5.7"]
[White "Fock, Sana"]
[Black "Grabowski, Petra"]
[Result "1/2-1/2"]
[ECO "C10"]
[WhiteElo "1807"]
[BlackElo "1643"]
[Annotator "NA RC COMBH"]
[PlyCount "104"]
[EventDate "2022.08.10"]
[EventType "tourn"]
[EventCountry "GER"]
[SourceTitle "playchess.com"]
[Source "ChessBase"]
[SourceQuality "1"]
[TimeControl "180+2"]

1. e4 e6 2. d4 d5 3. Nd2 dxe4 4. Nxe4 Nd7 5. Nf3 Ngf6 6. Bd3 Nxe4 7. Bxe4 c5 8. O-O Nf6 9. Bd3 cxd4 10. Nxd4 Bc5 11. Nb3 Bb6 12. Bg5 O-O 13. c3 Bd7 14. Qc2 h6 15. Bh4 Bc6 16. Bxf6 Qxf6 17. Be4 Bxe4 18. Qxe4 Qe7 19. Rad1 Rad8 20. Nd4 a6 21. Rfe1 Rd7 22. Nf3 Qc5 23. Qe2 Rfd8 24. Nd4 Qc7 25. Nxe6 fxe6 26. Qxe6+ Kh8 27. Rxd7 Rxd7 28. Qe8+ Kh7 29. Qe4+ g6 30. h3 Qc5 31. Rf1 Qd5 32. Qe8 Qd6 33. Qe2 Re7 34. Qf3 Qe6 35. g3 Qxa2 36. Qf6 Bd8 37. Rd1 Qf7 38. Qxf7+ Rxf7 39. Rxd8 Re7 40. Rb8 Kg7 41. Kg2 Kf6 42. b4 Ke6 43. Rh8 h5 44. Rg8 Kf6 45. Rf8+ Ke6 46. Rf4 Rc7 47. Re4+ Kd5 48. Rd4+ Ke5 49. Rd3 Ke4 50. Re3+ Kf5 51. Kf3 b6 52. Kg2 Rc4 1/2-1/2

[Event "German-ch Blitz Women 2022"]
[Site "Magdeburg"]
[Date "2022.08.13"]
[Round "5.8"]
[White "Schuster, Rebekka"]
[Black "Khrapko, Marharyta"]
[Result "0-1"]
[ECO "B32"]
[WhiteElo "1815"]
[BlackElo "2128"]
[Annotator "TA"]
[PlyCount "72"]
[EventDate "2022.08.10"]
[EventType "tourn"]
[EventCountry "GER"]
[SourceTitle "playchess.com"]
[Source "ChessBase"]
[SourceQuality "1"]
[TimeControl "180+2"]

1. e4 c5 2. Nf3 Nc6 3. d4 cxd4 4. Nxd4 e5 5. Nb3 Nf6 6. Nc3 Bb4 7. Qd3 O-O {[%emt 0:00:25] B33: Sicilian: Pelikan and Sveshnikov Variations.} 8. Bg5 h6 {[%emt 0:00:08] [#]} 9. Be3 $146 (9. Bxf6 $15 Qxf6 10. a3 Bxc3+ 11. Qxc3) ({Predecessor:} 9. Bh4 Be7 10. Be2 Nb4 11. Qd2 d6 12. O-O Bg4 13. Bxg4 Nxg4 14. Bxe7 Qxe7 15. h3 {1-0 (38) Groselj,K-Faganel,K Kamnik 2012}) 9... Bxc3+ {[%emt 0:00:12] Black is better.} 10. bxc3 b6 11. Be2 a5 12. O-O Ba6 13. c4 Nb4 14. Qd6 (14. Qc3 $142) 14... Nxe4 (14... Nxc2 $17 15. Bxb6 Nxe4) 15. Qxe5 $15 Re8 16. Qd4 (16. Qb2 $1 $15) 16... Nxc2 $19 17. Qxb6 Qxb6 ({Don't go for} 17... Nxa1 $2 18. Qxd8 Raxd8 19. Rxa1 $19) 18. Bxb6 Nxa1 19. Rxa1 Nd6 20. Bf3 Rab8 ({Inferior is} 20... Bxc4 21. Bxa8 Rxa8 22. Bxa5 $15) (20... Bb7 $19 {And now ...Bxf3 would win.} 21. Bc7 Bxf3 22. Bxd6 Be2) 21. Bc7 $15 {[%emt 0:00:02] [#] This bishop pair is nice.} Nxc4 {[%emt 0:00:03] ...Rb5 is the strong threat.} 22. Bxb8 Rxb8 23. Rd1 (23. Be2 $1 $15) 23... Ne5 24. Be4 Be2 ({Better is} 24... Rb4 $17 25. Rd4 Nd3 $1) 25. Re1 {[%emt 0:00:08] [#]} (25. Rd5 $11 f6 26. f4) 25... Bd3 (25... Bc4 $1 $17 26. f4 Ng4 27. Nxa5 Bxa2) 26. Bxd3 Nxd3 {[%emt 0:00:01][%mdl 4096] Endgame KRN-KRN} 27. Re7 {[%emt 0:00:01][%mdl 8192] [#]} ({White should try} 27. Rd1 $15 Nb4 28. Nxa5) 27... a4 $1 $19 28. Nd2 Rb2 29. Re2 (29. Nf1 a3 30. Re3) 29... Nf4 30. Kf1 (30. Re8+ Kh7 31. Nf3) 30... Nxe2 {[%emt 0:00:02] Black is clearly winning.} 31. Kxe2 Rxa2 {[%emt 0:00:01] KR-KN} 32. Kd3 Kf8 33. f4 Ke7 34. g4 d5 35. h4 Kd6 36. Nf3 Ra3+ {[%emt 0:00:01] Weighted Error Value: White=1.27/Black=0.72} 0-1

[Event "German-ch Blitz Women 2022"]
[Site "Magdeburg"]
[Date "2022.08.13"]
[Round "5.9"]
[White "Zschischang, Marine"]
[Black "Daemering, Katrin"]
[Result "1-0"]
[ECO "A41"]
[WhiteElo "2083"]
[BlackElo "1965"]
[Annotator "RC"]
[PlyCount "84"]
[EventDate "2022.08.10"]
[EventType "tourn"]
[EventCountry "GER"]
[SourceTitle "playchess.com"]
[Source "ChessBase"]
[SourceQuality "1"]
[TimeControl "180+2"]

1. d4 d6 2. e4 g6 3. Be3 Bg7 4. Qd2 c5 5. c3 cxd4 6. cxd4 Nc6 7. Nc3 a6 8. Be2 Bd7 9. h4 h5 10. Nh3 Rc8 11. a3 Nf6 12. b4 b5 13. f3 Qc7 14. Rc1 Qb7 15. Ng5 e6 16. O-O Qb8 17. Bf2 O-O 18. d5 Ne5 19. dxe6 fxe6 20. Rfd1 Rc6 21. Nb1 Rfc8 22. Rxc6 Rxc6 23. Bg3 Nc4 24. Bxc4 bxc4 25. Bxd6 Qb6+ 26. Bc5 Rxc5 27. bxc5 Qxc5+ 28. Kh1 c3 29. Qd6 Qf2 30. Qf4 c2 31. Rc1 e5 32. Qxe5 Qxh4+ 33. Nh3 Bxh3 34. gxh3 Qxh3+ 35. Qh2 Qc8 36. Rxc2 Qd7 37. Qg2 Kh7 38. Rd2 Qe7 39. a4 Qb4 40. Nc3 Qxa4 41. Ne2 Qa1+ 42. Kh2 Qe5+ 1-0

[Event "German-ch Blitz Women 2022"]
[Site "Magdeburg"]
[Date "2022.08.13"]
[Round "5.10"]
[White "Staerk, Elisa"]
[Black "Muetsch, Annmarie"]
[Result "0-1"]
[ECO "A10"]
[WhiteElo "1947"]
[BlackElo "2249"]
[Annotator "TA"]
[PlyCount "70"]
[EventDate "2022.08.10"]
[EventType "tourn"]
[EventCountry "GER"]
[SourceTitle "playchess.com"]
[Source "ChessBase"]
[SourceQuality "1"]
[TimeControl "180+2"]

1. c4 d6 2. Nc3 e5 3. g3 f5 4. Bg2 Nf6 5. d4 Nbd7 6. Nh3 {[%emt 0:00:04] A21: English Opening: 1...e5 2 Nc3.} Be7 7. O-O O-O {[%emt 0:00:04] [#]} (7... c6 $11) 8. b4 $146 (8. Ng5 $16 {Threatens to win with Ne6.} Nb6 9. Qb3 exd4 10. c5+ d5 11. cxb6 dxc3 12. bxc7 Qxc7 13. Bxd5+ (13. bxc3 h6 $14) (13. Qxc3 Qxc3 14. bxc3 h6 $11) 13... Kh8 14. Nf7+ (14. bxc3 Nxd5 15. Qxd5 h6 $14) 14... Kg8 15. Ng5+ Kh8 16. Nf7+ (16. bxc3 Nxd5 17. Qxd5 h6 $14) 16... Kg8 17. Ng5+) ({Predecessor:} 8. Ng5 Nb6 9. c5 dxc5 10. dxe5 Ng4 11. Bd5+ Nxd5 12. Qxd5+ Kh8 13. Nf7+ Rxf7 14. Qxf7 Nxe5 {1-0 (69) Rezan,S (2257)-Ljubicic,F (2396) Pula 1999}) 8... Kh8 (8... h6 $11) 9. Bb2 (9. Ng5 $16 {Strongly threatening Ne6.} Nb6 10. c5) 9... Nb6 10. c5 (10. Qb3 $5 ) 10... Nc4 11. Bc1 e4 12. e3 (12. Qb3 $11 d5 13. Nf4) 12... d5 (12... a5 $17 13. Qb3 axb4 14. Qxb4 d5) 13. a4 Be6 14. Nf4 Bf7 15. h4 (15. Nb1 $15 {is superior.}) 15... Ng4 {[%emt 0:00:09] White is now going downhill.} 16. b5 c6 (16... h6 $17 17. h5 Bg5 18. Ng6+ Bxg6 19. hxg6 Rf6) 17. bxc6 bxc6 18. Re1 ({Better is} 18. Nb1) 18... h6 {[%emt 0:00:14] Black is more active.} 19. h5 (19. Nb1 $17 {was called for.}) 19... Qe8 $19 20. Bf1 Bxh5 21. Nxh5 $2 (21. Qc2) 21... Qxh5 22. Bg2 Qh2+ 23. Kf1 g5 24. Rb1 {[%emt 0:00:26] [#]} Rab8 (24... Nxf2 $142 $1 25. Qe2 (25. Kxf2 f4) 25... Nd3) 25. Rxb8 Rxb8 26. Qc2 (26. Nxe4 $142 dxe4 27. Qe2) 26... h5 {[%emt 0:00:06] aiming for ...h4.} 27. Ne2 h4 28. gxh4 gxh4 {[%emt 0:00:14] ( -> ...h3)} 29. Ng1 {[%emt 0:00:02] Prevents h3.} Rg8 {[%emt 0:00:07][%cal Og4e5] ...Nge5! is the strong threat.} 30. f4 {[%emt 0:00:08] Prevents Nge5.} Nf6 {[%emt 0:00:16] Pair of Knights!} (30... Qg3 $142 31. a5 Nh2+ 32. Ke2 Qg4+ 33. Bf3 Nxf3 34. Qxc4 Nxe1+ 35. Kd2 dxc4 36. Ne2 {[#]} Qf3 $1 37. a6 Rg2 38. Kc3 Qxe2 39. Kb4 Qa2 40. Ba3 Nc2+ 41. Kc3 Qb3#) 31. Qf2 Nh5 {[%emt 0:00:04][%cal Bf6h5,Bh5g3,Bg3h1][%mdl 32] Black mates.} 32. Rd1 Ng3+ 33. Ke1 Nh1 34. Qe2 Qxg1+ 35. Bf1 Qg3+ {[%emt 0:00:01] Weighted Error Value: White=1.22/Black=0.55} 0-1

[Event "German-ch Blitz Women 2022"]
[Site "Magdeburg"]
[Date "2022.08.13"]
[Round "5.11"]
[White "Melamed, Tatjana"]
[Black "Zhou, Lepu Coco"]
[Result "1-0"]
[ECO "B40"]
[WhiteElo "2380"]
[BlackElo "1986"]
[Annotator "TA"]
[PlyCount "61"]
[EventDate "2022.08.10"]
[EventType "tourn"]
[EventCountry "GER"]
[SourceTitle "playchess.com"]
[Source "ChessBase"]
[SourceQuality "1"]
[TimeControl "180+2"]

1. e4 c5 2. Nf3 e6 3. c3 Nf6 4. e5 Nd5 5. Bc4 Nc6 6. O-O Nb6 7. Bb3 d5 8. exd6 Bxd6 9. d4 cxd4 10. cxd4 O-O 11. Nc3 Nb4 {[%emt 0:00:24] 11...Ne7 gains popularity.} 12. Bg5 {[%emt 0:00:09] B22: Sicilian: 2 c3.} Be7 13. Bf4 N4d5 14. Be5 {[%emt 0:00:02] [#] The position is equal.} Bf6 $146 ({Predecessor:} 14... Bd7 15. Rc1 Bc6 16. Bc2 Rc8 17. Qd3 g6 18. Bb1 Nxc3 19. bxc3 Bd5 20. Rfe1 Nc4 {0-1 (36) Lehti,J (2233)-Sammalvuo,T (2477) Finland 2011}) 15. Ne4 Bxe5 (15... Be7 $11) 16. dxe5 $14 Bd7 17. Nd6 (17. Qc2 $14) 17... Bc6 $11 18. Bc2 f6 ({Black should play} 18... Nb4 $11 19. Bb1 Bd5) 19. Qd3 {[%emt 0:00:16][%csl Gc2][%cal Rd3h7] [#]} (19. Nd4 $5 Qd7 20. Qd3 $11 (20. Nxc6 bxc6 21. Qd4 Rab8 $14)) 19... g6 20. Nd4 (20. Qd4 $11 {keeps the balance.}) 20... fxe5 $17 21. Nxc6 Qxd6 22. Na5 Qc7 (22... Qb4 $15 23. Qa3 Qxa3 24. bxa3 Rac8) 23. Bb3 $1 $11 Rad8 24. Rac1 $36 {[%emt 0:00:04][%mdl 2048] White fights for an advantage.} Qf7 25. Qe4 Qf4 26. Qe2 (26. Rce1 $11) 26... Nd7 $2 {[%emt 0:00:16] [#] Pair of Knights!} (26... Qg5 $1 $15 {stays ahead.} 27. Nxb7 Nf4 28. Bxe6+ (28. Qf3 $2 e4 $19) 28... Nxe6 29. Nxd8 Nf4) 27. Nxb7 $16 Rc8 28. Rxc8 Rxc8 29. Nd6 Rc1 30. g3 Rxf1+ 31. Qxf1 {[%emt 0:00:01] Weighted Error Value: White=0.23 (precise) /Black=0.31} (31. Kxf1 $5 Qc1+ 32. Qd1 $14 (32. Kg2 Qc6 $14)) 1-0

[Event "German-ch Blitz Women 2022"]
[Site "Magdeburg"]
[Date "2022.08.13"]
[Round "5.12"]
[White "Schulze, Lara"]
[Black "Nikolaeva, Mariya A"]
[Result "1-0"]
[ECO "C47"]
[WhiteElo "2292"]
[BlackElo "1309"]
[Annotator "TA"]
[PlyCount "67"]
[EventDate "2022.08.10"]
[EventType "tourn"]
[EventCountry "GER"]
[SourceTitle "playchess.com"]
[Source "ChessBase"]
[SourceQuality "1"]
[TimeControl "180+2"]

1. e4 e5 2. Nf3 Nc6 3. Nc3 Nf6 4. d4 exd4 5. Nxd4 d6 6. g3 Be7 7. Bg2 O-O 8. O-O Bg4 {[%emt 0:00:07] C41: Philidor Defence.} (8... Nxd4 $11 {is superior.} 9. Qxd4 Re8) 9. Nde2 Qd7 10. Be3 {[%emt 0:00:08] [#]} (10. f3 $5 Bh3 11. Bxh3 Qxh3 12. Nf4 $14) 10... Bh3 $146 {[%emt 0:00:04] White has an edge.} ({Predecessor:} 10... Rfe8 11. b3 Bf8 12. Qd2 Bh3 13. Bxh3 Qxh3 14. Nf4 Qd7 15. f3 Ne5 16. Rad1 c6 {1-0 (53) Petersen,S (2242)-Fischer,D (2094) Berlin 2008}) 11. Nf4 Bxg2 12. Kxg2 Ne5 13. h3 Nc4 14. Bc1 Rfe8 15. b3 Ne5 16. Bb2 Ng6 17. Nxg6 hxg6 18. Qd3 Rad8 19. Rad1 Qc6 20. Nd5 Nxd5 21. exd5 Qd7 22. h4 Bf6 23. Bxf6 gxf6 24. h5 Kg7 25. Rh1 Rh8 26. Qf3 {[%emt 0:00:03][%cal Oh5h6] [#] aiming for h6+!} Rde8 {[%emt 0:00:25] This move loses the game for Black.} (26... Rxh5 $11 {and Black has nothing to worry.} 27. Rxh5 gxh5) 27. h6+ $1 $18 Kh7 28. Qxf6 Rhg8 {[%emt 0:00:02] Against Qg7+} 29. Rde1 {[%emt 0:00:09] Inhibits Qe7. 0x0.00144db56c6adp-1022s more active pieces.} a6 (29... Qf5 $142 30. Qxf5 gxf5 31. Rxe8 Rxe8) 30. c4 {[%emt 0:00:09] Strongly threatening Rxe8.} b6 $2 {[%emt 0:00:35] [#]} (30... g5 31. Rxe8 Qxe8 32. Qf5+ Rg6) 31. Rxe8 Qxe8 32. Rh4 {[%emt 0:00:02] Inhibits Qe4+.} c5 33. Rf4 Kxh6 (33... Qf8 $18 34. Qxf7+ Qxf7 35. Rxf7+ Kxh6) 34. Rh4# {[%emt 0:00:02] Weighted Error Value: White=0.10 (very precise) /Black=0.70} 1-0

[Event "German-ch Blitz Women 2022"]
[Site "Magdeburg"]
[Date "2022.08.13"]
[Round "6.1"]
[White "Paehtz, Elisabeth"]
[Black "Nikolaeva, Mariya A"]
[Result "1-0"]
[ECO "D02"]
[WhiteElo "2484"]
[BlackElo "1309"]
[Annotator "TA"]
[PlyCount "126"]
[EventDate "2022.08.10"]
[EventType "tourn"]
[EventCountry "GER"]
[SourceTitle "playchess.com"]
[Source "ChessBase"]
[SourceQuality "1"]
[TimeControl "180+2"]

1. d4 Nf6 2. Nf3 d5 3. Bf4 e6 4. e3 a6 5. Nbd2 c5 6. c3 Nc6 7. Bd3 {[%emt 0:00:01] D02: 1 d4 d5 2 Nf3 sidelines, including 2...Nf6 3 g3 and 2...Nf6 3 Bf4.} cxd4 8. exd4 Bd6 9. Bg3 {[%emt 0:00:01] White is slightly better.} O-O 10. O-O Qc7 11. Bxd6 Qxd6 12. Qe2 Nd7 13. Rfe1 {[%emt 0:00:17] [#]} Re8 $146 ({Predecessor:} 13... b5 14. Nb3 Bb7 15. Rad1 Rac8 16. Rc1 Nb6 17. Ne5 Nxe5 18. Qxe5 Qxe5 19. Rxe5 Nc4 20. Re2 Rc7 {½-½ (27) Nieberle,J-Bechter,F Germany 2006}) 14. Ng5 h6 15. Ngf3 f5 $2 (15... b5 $14) 16. Ne5 $2 (16. Bxf5 $1 $18 Nf6 17. Bg6) 16... Nf6 ({Black should play} 16... Ncxe5 $14 17. dxe5 Qb6) 17. Ndf3 $16 Ne4 18. Nxc6 ({Of course not} 18. Bxe4 $6 fxe4 19. Nd2 (19. Nxc6 $2 exf3 20. Qxf3 Qxc6 $19) 19... Nxe5 20. dxe5 Qb6 $11) 18... bxc6 19. Ne5 c5 20. f3 Nf6 21. Qe3 cxd4 22. Qxd4 a5 23. Bb5 Rf8 (23... Bd7 $142 24. a4 (24. Nxd7 Nxd7 25. c4 Rab8 $14) 24... Bxb5 25. axb5 Nd7) 24. Re2 {[%emt 0:00:13] White is much more active. The black rooks are badly placed.} ({White should try} 24. a4) 24... Ba6 25. Bxa6 (25. c4 $16) 25... Rxa6 $14 26. Rae1 Re8 27. Nd3 {[%emt 0:00:03] Nc5 is the strong threat.} Rc6 {[%emt 0:00:05] Inhibits Nc5.} 28. Qe5 (28. Qa7 {is more complex.} Ra6 29. Qc5 Qb8 30. Re3) 28... Qxe5 29. Rxe5 Kf7 30. R5e2 {[%emt 0:00:02] [#] And now Ne5+ would win.} Nd7 31. Kf2 Rb6 32. Rd2 g5 33. h4 g4 34. fxg4 fxg4 35. Kg3 Nf6 36. Ne5+ Kg7 37. Rde2 h5 38. Rf1 {[%emt 0:00:04][%cal Of1f6] [#] Threatens to win with Rxf6!} Ne4+ 39. Kh2 g3+ 40. Kh3 Rb7 41. Rf4 Rf8 42. Rxf8 Kxf8 $11 {[%emt 0:00:01][%mdl 4096] Endgame KRN-KRN} 43. Ng6+ (43. Nf3 $1 $11 {keeps the balance.}) 43... Kg7 (43... Ke8 $17 {aiming for ...Rg7.} 44. Nf4 Rg7) 44. Nf4 Rf7 {[%emt 0:00:02] White stays focused until the end.} (44... Kh6 $11 {and Black stays safe.}) 45. Nxh5+ $18 Kg6 46. Nxg3 Nf2+ 47. Kh2 Ng4+ 48. Kg1 e5 49. Nf1 e4 $2 (49... Kf5 $16 50. Ne3+ Nxe3 51. Rxe3 Rb7) 50. Ne3 (50. c4 $18) 50... Nf6 $2 (50... Nxe3 $16 51. Rxe3 Kf5) 51. Rd2 Rd7 52. g3 Kf7 53. Kg2 Ke6 54. Rd4 (54. g4 $142) 54... Ke5 (54... Rg7 $142 55. Rd2 a4) 55. Rd2 $2 (55. Kh3 $18) 55... Rb7 $2 (55... Ke6 $1 $11 56. g4 Rf7) 56. Rf2 a4 57. a3 (57. g4 $142) 57... Rb8 $2 (57... d4 {is more resistant.}) 58. Rd2 Rg8 59. Rf2 $2 ({Better is} 59. Kh3 $18) 59... Ke6 $2 (59... Rb8 $1 $11) 60. Nf5 Nh5 $2 (60... Ng4 {keeps fighting.}) 61. Kh3 e3 62. Nd4+ Ke5 63. Rf3 (63. Rf5+ $18 {is the precise move to win.} Ke4 64. Rxh5) 63... Kd6 $2 {Weighted Error Value: White=0.56/Black=0.70} (63... Ke4 $16) 1-0